 Dungeon Crawl Stone Soup version 0.30.1-11-g7821555f0a (webtiles) character file.

Game seed: 16145939462133203461

2893 Peloso the Carver (level 9, -6/79 HPs)
             Began as a Minotaur Fighter on Dec 26, 2023.
             Mangled by Maggie
             ... wielding a +0 morningstar
              (9 damage)
             ... on level 7 of the Dungeon.
             The game lasted 00:11:48 (5971 turns).

Peloso the Carver (Minotaur Fighter)                Turns: 5971, Time: 00:11:49

Health: -6/79      AC: 12    Str: 22    XL:     9   Next: 48%
Magic:  8/8        EV:  9    Int:  5    God:
Gold:   276        SH:  6    Dex: 13    Spells: 8/8 levels left

rFire   . . .        a - +0 long sword
rCold   . . .        d - +0 buckler
rNeg    . . .        i - +0 chain mail
rPois   +            (helmet restricted)
rElec   .            (no cloak)
rCorr   .            (no gloves)
SInv    .            u - +0 pair of boots
Will    .....        (no amulet) Stlth
                     (no ring)
HPRegen 1.13/turn    (no ring)
MPRegen 0.11/turn

%: no passive effects
@: mighty, marked, mesmerised
A: horns 2, retaliatory headbutt, poison resistance, regeneration 1
a: no special abilities


You were on level 7 of the Dungeon.
You visited 2 branches of the dungeon, and saw 8 of its levels.
You also visited: Sewer.

You collected 276 gold pieces.

Inventory:

Hand Weapons
 a - a +0 long sword (weapon)
 c - a +1 whip of flaming
Armour
 b - a +0 scale mail
 d - a +0 buckler (worn)
 i - a +0 chain mail (worn)
 u - a +0 pair of boots (worn)
Jewellery
 e - a ring of ice
 o - an amulet of magic regeneration
Wands
 g - a wand of flame (9)
Scrolls
 f - a scroll of fog {unknown}
 k - 7 scrolls of teleportation
 l - 3 scrolls of enchant weapon
 n - a scroll of immolation
 p - a scroll of acquirement
 r - 2 scrolls of magic mapping
 x - 2 scrolls of blinking
 y - a scroll of brand weapon {unknown}
 B - a scroll of identify
Potions
 j - a potion of resistance {unknown}
 m - a potion of attraction {unknown}
 q - 2 potions of curing
 s - 7 potions of mutation
 t - a potion of flight {unknown}
 v - 2 potions of lignification {unknown}
 w - a potion of invisibility {unknown}
 z - a potion of heal wounds {unknown}
 A - a potion of magic {unknown}


   Skills:
 + Level 7.0 Fighting
 + Level 9.6 Long Blades
 + Level 9.4 Armour
 + Level 2.4 Dodging
 + Level 0.2 Stealth
 + Level 7.3 Shields
 + Level 1.1 Evocations


You had 8 spell levels left.
You didn't know any spells.
Your spell library contained the following spells:

 Spells                   Type           Power      Damage    Failure   Level
 Foxfire                  Conj/Fire      0%         2x1d4     97%         1
 Magic Dart               Conj           0%         1d3       97%         1
 Blink                    Tloc           0%         N/A       99%         2
 Lesser Beckoning         Tloc           0%         N/A       99%         2
 Momentum Strike          Conj/Tloc      0%         3d8       99%         2
 Searing Ray              Conj           0%         2d4       99%         2
 Portal Projectile        Hex/Tloc       0%         N/A       100%        3
 Summon Guardian Golem    Hex/Summ       0%         N/A       100%        3
 Tukima's Dance           Hex            0%         N/A       100%        3
 Fulminant Prism          Conj/Hex       0%         3d5       100%        4
 Blade Hands              Tmut           0%         N/A       100%        5
 Fireball                 Conj/Fire      0%         3d3       100%        5
 Plasma Beam              Fire/Air       0%         2x1d11    100%        6
 Starburst                Conj/Fire      0%         6d3       100%        6
 Orb of Destruction       Conj           0%         9d5       100%        7
 Spellforged Servitor     Conj/Summ      0%         N/A       100%        7


Dungeon Overview and Level Annotations

Branches:
Dungeon (7/15)             Temple (1/1) D:5           Sewer (visited)

Altars:
Ashenzari
Dithmenos
Elyvilon
Gozag
Hepliaklqana
Qazlal
Ru
Sif Muna
Trog
Uskayaw
Vehumet
Wu Jian
Yredelemnul
Zin
The Shining One

Shops:
D:3 (   D:6 *

Annotations:
D:7 Maggie


Innate Abilities, Weirdness & Mutations

You have a pair of horns on your head.
You reflexively headbutt those who attack you in melee.
Your system is resistant to poisons. (rPois)
Your natural rate of healing is unusually fast.


Message History

Something hits you but does no damage. Something hits you.
A bullfrog comes into view.
You barely miss something. Your headbutt misses something.
Something hits you but does no damage. Something hits you!
You miss something. Something hits you! Something hits you but does no damage.
You barely miss something. Your headbutt misses something. Something hits you.
Something hits you but does no damage. x2
Maggie casts a spell at you. The bolt of fire hits you!!
The bullfrog barely misses you.
You closely miss the bullfrog. Your headbutt misses the bullfrog.
Something hits you. Something hits you but does no damage.
The bullfrog hits you but does no damage.
You hit the bullfrog. Your headbutt misses the bullfrog.
The bullfrog is lightly wounded.
Something hits you.
The bullfrog hits you but does no damage.
Maggie gestures wildly while chanting.
Maggie attempts to bespell you!
You are mesmerised by Maggie!
Something hits you but does no damage.
You feel very mighty all of a sudden. Something hits you.
The bullfrog hits you.
* * * LOW HITPOINT WARNING * * *
Something hits you.
* * * LOW HITPOINT WARNING * * *
The bullfrog hits you but does no damage.
You feel mightier all of a sudden. Something completely misses you.
A water moccasin comes into view.
You block the bullfrog's attack. Maggie hits you with a +0 morningstar!
* * * LOW HITPOINT WARNING * * *
Something hits you.
* * * LOW HITPOINT WARNING * * *
You hit Maggie.
Maggie is lightly wounded.
Something hits you.
* * * LOW HITPOINT WARNING * * *
The bullfrog hits you but does no damage.
The bullfrog closely misses you. Maggie hits you with a +0 morningstar!
You die...

#. #.# #.# #.. #.########..
#.#.@F.....# ##..@##.....##..
#...##.....S...# ##
##..###..>.....# ..##
##.....#.......# ...##.
###..##.........####.#....
######...###...................
........####...........^.....#
.............##..............##


You could see Maggie (mesmerising), a water moccasin and a bullfrog.

Vanquished Creatures
  Pikel (D:5)
  Sigmund (D:3)
  Edmund (D:5)
  An orc warrior (D:6)
  2 water moccasins (D:6)
  A sky beast (D:6)
  3 black bears
  3 ogres
  3 lemures (D:5)
  Blork the orc (D:6)
  3 bullfrogs
  A scorpion (D:4)
  A killer bee (D:6)
  7 orc priests
  3 hounds (D:6)
  A sleepcap (D:5)
  Jessica (D:2)
  4 iguanas
  2 orc wizards
  16 adders
  A river rat (D:6)
  A shadow imp (D:5)
  4 white imps
  2 ufetubi
  A worm (D:3)
  23 orcs
  6 endoplasms
  10 giant cockroaches
  9 hobgoblins
  11 jackals
  7 quokkas
  10 ball pythons
  3 bats
  6 frilled lizards
  12 goblins
  6 kobolds
  10 rats
178 creatures vanquished.

Notes
Turn   | Place    | Note
-------+----------+-------------------------------------------
     0 | D:1      | Peloso the Minotaur Fighter began the quest for the Orb.
     0 | D:1      | Reached XP level 1. HP: 19/19 MP: 0/0
   123 | D:1      | Reached XP level 2. HP: 25/27 MP: 1/1
   515 | D:1      | Gained mutation: Your natural rate of healing is unusually
                  | fast. [potion of mutation]
   515 | D:1      | Gained mutation: Your system is resistant to poisons.
                  | (rPois) [potion of mutation]
   529 | D:2      | Found an opulent altar of Gozag.
   530 | D:2      | Identified the +6 sling of Fimbulwinter {freeze, rF+}
   730 | D:2      | Reached XP level 3. HP: 33/33 MP: 2/2
   732 | D:2      | Noticed Jessica
   740 | D:2      | Killed Jessica
  1070 | D:2      | Found a faded altar of an unknown god.
  1387 | D:3      | Reached XP level 4. HP: 40/40 MP: 3/3
  1401 | D:3      | Found a hide-covered altar of Uskayaw.
  1512 | D:3      | Reached XP level 5. HP: 46/47 MP: 4/4
  1639 | D:3      | Noticed Sigmund
  1939 | D:4      | Reached skill level 5 in Armour
  2036 | D:4      | Reached XP level 6. HP: 55/55 MP: 5/5
  2145 | D:4      | Identified the +8 whip "Xaufaset" {vamp, Will- Str+4 Int+7}
  2273 | D:4      | Reached skill level 5 in Long Blades
  2699 | D:5      | Entered Level 5 of the Dungeon
  2731 | D:5      | Reached skill level 5 in Fighting
  2731 | D:5      | Reached skill level 1 in Dodging
  2765 | D:5      | Reached skill level 5 in Shields
  2832 | D:5      | Found a staircase to the Ecumenical Temple.
  2839 | D:5      | Reached XP level 7. HP: 53/61 MP: 6/6
  2844 | Temple   | Entered the Ecumenical Temple
  3381 | D:5      | Noticed Edmund
  3402 | D:5      | Killed Edmund
  3403 | D:5      | Reached XP level 8. HP: 62/69 MP: 7/7
  3625 | D:5      | Noticed Pikel
  3644 | D:5      | Killed Pikel
  3645 | D:5      | Reached skill level 1 in Evocations
  3853 | D:3      | Found an opulent altar of Gozag.
  3986 | D:3      | Killed Sigmund
  4198 | D:3      | Found Yneg's Antique Weapon Boutique.
  4223 | D:3      | Identified a scroll of acquirement
  4456 | D:6      | Found a glowing drain.
  4460 | Sewer    | Entered a sewer
  4618 | Sewer    | Reached XP level 9. HP: 78/78 MP: 8/8
  4717 | Sewer    | Identified the +0 helmet "Ackud" {Str+4}
  5053 | D:6      | Noticed Blork the orc
  5063 | D:6      | Killed Blork the orc
  5230 | D:6      | Found Zin's Purification Station.
  5233 | D:6      | Found a glowing silver altar of Zin.
  5952 | D:7      | Noticed Maggie
  5971 | D:7      | HP: 3/79 [something (4)]
  5971 | D:7      | Mangled by Maggie

Illustrated notes

Levels and vault maps discovered:
D:1:      minmay_arrival_shattered_statue, layout_rooms
D:2:      layout_basic, basic_altar, shapermc_ecumenical_altar_gd, uniq_jessica
D:3:      cheibrodos_greedy_goblins, layout_loops_ring, grunt_gozag_breadcrumbs,
          eat_drink_and_be_merry_uskayaw, serial_shops,
          nicolae_shop_hallway_stairs, hangedman_decor_growths,
          grunt_ministairs_12, uniq_sigmund
D:4:      layout_basic, minmay_misc_feat_pillars, serial_park_tiny_pond
D:5:      layout_loops_corners, minmay_temple_entry_proselytizer, uniq_edmund,
          uniq_pikel
D:6:      layout_basic, zin_purify, gup_sewer_entry_spiral,
          minmay_increasing_density, uniq_blork_the_orc
D:7:      layout_rooms, gammafunk_temple_overflow_wave,
          minmay_large_rounded_square, uniq_maggie
Temple:   chequers_temple_sunken

Skill      XL: |  1  2  3  4  5  6  7  8  9 |
---------------+----------------------------+-----
Armour         | 4 5 7 8 9 |  9.4
Fighting       | 4 5 6 7 |  7.0
Shields        | 4 5 6 7 |  7.3
Long Blades    | 3 4 5 7 8 9 |  9.6
Dodging        | 1 2 |  2.4
Evocations     | 1 |  1.1
Stealth        | |  0.2

Action                     |  1- 3 |  4- 6 |  7- 9 || total
---------------------------+-------+-------+-------++-------
  Melee: Long sword        |    56 |   146 |   374 ||   576
         Headbutt          |     6 |    18 |    67 ||    91
  Evoke: Wand              |       |       |     6 ||     6
    Use: Potion            |     2 |       |     2 ||     4
         Scroll            |     4 |       |     5 ||     9
 Armour: Scale mail        |    31 |       |       ||    31
         Chain mail        |     5 |    93 |   185 ||   283
  Dodge: Dodged            |    40 |    84 |   154 ||   278
  Block: Buckler           |    10 |    47 |   102 ||   159
